[Event "Team 45 45 League T36"]
[Site "Internet Chess Club"]
[Date "2008.02.21"]
[Round "5"]
[White "andreip"]
[Black "SneakyRed"]
[Result "1-0"]
[WhiteElo "2044"]
[BlackElo "1773"]
[Opening "English: Caro-Kann defensive system"]
[ECO "A11"]
[Time "13:00:39"]
[TimeControl "2700+45"]

1. c4 c6 2. Nc3 d5 3. cxd5 cxd5 4. d4 e5 5. e3 exd4 6. Qxd4 Nf6 7. Nf3 Nc6 8.
Qa4 Bd7 9. Be2 Be7 10. O-O O-O 11. Rd1 Be6 12. e4 d4 13. Nxd4 Nxd4 14. Qxd4 Qa5
15. Bd2 Bc5 16. Na4 Bxd4 17. Bxa5 Be5 18. Bc3 Bf4 19. Nc5 Bc8 20. e5 Ne8 21. Nd7
Bxd7 22. Rxd7 Rb8 23. g3 Bg5 24. Bb4 Bd8 25. Bc4 b5 26. Bxf8 bxc4 27. Ba3 Bb6
28. Rc1 Rc8 29. b3 c3 30. Bb4 c2 31. Rd2 g6 32. Rdxc2 Rd8 33. Rc8 Ng7 34. Rxd8+
Bxd8 35. Rc8 Ne6 36. Ba5 Kf8 37. Bxd8 Nxd8 38. Rxd8+ Ke7 39. Ra8 Ke6 40. f4 f6
41. exf6 Kxf6 42. Rxa7 h5 43. h4 g5 44. fxg5+ Kf5 45. Kg2 Kg4 46. Ra4+ Kf5 47.
Rf4+ Kg6 48. Rf6+ Kg7 49. a4 Kg8 50. Rh6 Kg7 51. Rxh5 Kg6 52. Rh6+ Kg7 53. Rf6
Kg8 54. h5 Kg7 55. h6+ Kh7 56. g4 Kg8 57. g6 Kh8 58. b4 Kg8 59. b5 Kh8 60. b6
Kg8 61. a5 Kh8 62. a6 Kg8 63. b7 Kh8 64. a7 Kg8 65. b8=B Kh8 66. a8=B Kg8 67.
Be5 Kh8 68. Ra6+ Kg8 69. Bd5+ Kf8 70. Ra7 Ke8 71. g7 Kd8 72. g8=B Kc8 73. Bge6+
Kd8 74. Bd6 Ke8 75. h7 Kd8 76. Kg3 Ke8 77. h8=B Kd8 78. Bf6+ Ke8 79. Bc6# {Black
checkmated} 1-0

[Event "Team 45 45 League T36"]
[Site "Internet Chess Club"]
[Date "2008.02.23"]
[Round "5"]
[White "SidVicious"]
[Black "primerpaso"]
[Result "0-1"]
[WhiteElo "1836"]
[BlackElo "1917"]
[Opening "English opening"]
[ECO "A16"]
[Time "19:00:18"]
[TimeControl "2700+45"]

1. c4 Nf6 2. Nc3 c5 3. e4 Nc6 4. g3 g6 5. Bg2 Bg7 6. Nge2 O-O 7. O-O d6 8. h3 a6
9. d3 Rb8 10. Be3 b5 11. Qd2 Re8 12. f4 Nd7 13. e5 Na5 14. exd6 bxc4 15. dxe7
Qxe7 16. Nd5 Qd8 17. Rab1 cxd3 18. Qxd3 Nb6 19. Bxc5 Nxd5 20. Bxd5 Bf5 21. Bxf7+
Kxf7 22. Qxa6 Bxb1 23. Rxb1 Re6 {White resigns} 0-1

[Event "Team 45 45 League T36"]
[Site "Internet Chess Club"]
[Date "2008.02.25"]
[Round "5"]
[White "gugamircea"]
[Black "Langshaw"]
[Result "1-0"]
[WhiteElo "1660"]
[BlackElo "1720"]
[Opening "Sicilian defense"]
[ECO "B44"]
[Time "13:14:17"]
[TimeControl "2700+45"]

1. e4 c5 2. Nf3 e6 3. d4 cxd4 4. Nxd4 Nc6 5. Be3 Nf6 6. Nc3 Bb4 7. Bd3 d5 8.
Nxc6 bxc6 9. e5 Nd7 10. Qg4 Bxc3+ 11. bxc3 g6 12. f4 Qa5 13. Bd2 Nc5 14. O-O
Nxd3 15. cxd3 Ba6 16. Qe2 Kd7 17. c4 Qc5+ 18. Be3 d4 19. Bf2 Rab8 20. Qe4 Rb7
21. Bxd4 Qe7 22. Qe3 Kc8 23. Bc5 Qd7 24. Rfb1 Kb8 25. Bxa7+ Ka8 26. Bc5 Rhb8 27.
Rxb7 Rxb7 28. d4 Bxc4 29. Qa3+ Ra7 30. Bxa7 Qxa7 31. Qxa7+ Kxa7 32. Rc1 Bd5 33.
Kf2 Kb7 34. Rc2 Ka6 35. Ke3 Kb7 36. Rb2+ Ka7 37. g3 Ka8 38. Kd2 Ka7 39. Kc3 Ka8
40. Kb4 Kb7 41. Kc5+ Kc7 42. a4 Be4 43. a5 Bd3 44. Rb6 Bb5 45. a6 {Black
resigns} 1-0

[Event "Team 45 45 League T36"]
[Site "Internet Chess Club"]
[Date "2008.02.24"]
[Round "5"]
[White "Lionskins"]
[Black "Victorianum"]
[Result "1-0"]
[WhiteElo "1646"]
[BlackElo "1591"]
[Opening "Réti opening"]
[ECO "A06"]
[Time "13:01:58"]
[TimeControl "2700+45"]

1. Nf3 d5 2. e3 Nf6 3. c4 dxc4 4. Bxc4 e6 5. Nc3 c5 6. Qa4+ Bd7 7. Bb5 Nc6 8.
Qb3 a6 9. Be2 Be7 10. a3 O-O 11. Qc2 Re8 12. h3 Qc7 13. Rb1 Rac8 14. b3 Bd6 15.
Bb2 Ne5 16. Ng5 Bc6 17. Nce4 Nxe4 18. Nxe4 Bf8 19. Ng5 g6 20. Rg1 f6 21. Ne4
Bxe4 22. Qxe4 b5 23. g4 Bg7 24. h4 f5 25. gxf5 exf5 26. Qg2 f4 27. Qd5+ Qf7 28.
Qxf7+ Kxf7 29. Bxe5 Rxe5 30. a4 fxe3 31. fxe3 c4 32. bxc4 bxc4 33. Rb7+ Re7 34.
Rf1+ Bf6 35. Rb6 c3 36. Rbxf6+ Kg7 37. Bd3 c2 38. Bxc2 Rxc2 39. Rxa6 Rd7 40. Rf2
Rc1+ 41. Ke2 Rc2 42. Kd1 Ra2 43. Ra5 Ra1+ 44. Ke2 Ra2 45. Kf3 Rf7+ 46. Kg3 Rxf2
47. Kxf2 Rxd2+ 48. Kf3 Rh2 49. Kg3 Re2 50. Re5 Kf6 51. Kf3 Ra2 52. Re4 Ra3 53.
Kf4 Ra1 54. Rc4 Rh1 55. Kg3 Rg1+ 56. Kf2 Ra1 57. Kf3 Rf1+ 58. Ke4 Rf5 59. Rc6+
Kg7 60. Rc7+ Kh6 61. Kd3 Rh5 62. Rc4 Re5 63. Re4 Rc5 64. Kd4 Ra5 65. Kc3 g5 66.
hxg5+ Kxg5 67. Kb4 Rd5 68. a5 Rd1 69. a6 Ra1 70. Kb5 h5 71. Ra4 Rb1+ 72. Rb4 Ra1
73. Kb6 h4 74. a7 h3 75. Rb5+ Kg4 76. Ra5 Rb1+ 77. Ka6 h2 78. a8=Q h1=Q 79. Ra4+
Kg3 80. Qg8+ Kf3 81. Rf4+ Ke2 82. Qc4+ Ke1 83. Qc3+ Ke2 84. Qc4+ Ke1 85. Qc3+
Ke2 86. Qc2+ Kxe3 87. Qf2+ Kd3 88. Rd4+ Kc3 89. Qd2+ Kb3 90. Rb4+ Ka3 91. Qc3+
Ka2 92. Ra4# {Black checkmated} 1-0

[Event "Team 45 45 League T36"]
[Site "Internet Chess Club"]
[Date "2008.02.21"]
[Round "5"]
[White "Kalhalla"]
[Black "alastorx"]
[Result "0-1"]
[WhiteElo "1783"]
[BlackElo "1844"]
[Opening "Scandinavian (center counter) defense"]
[ECO "B01"]
[Time "10:58:26"]
[TimeControl "2700+45"]

1. e4 d5 2. exd5 Qxd5 3. Nc3 Qa5 4. d4 Nf6 5. Bc4 Nc6 6. Ne2 Bf5 7. Bd2 O-O-O 8.
Nd5 Qa4 9. b3 Qa3 10. Bc1 Qd6 11. Bf4 e5 12. dxe5 Nxe5 13. Qd4 Nxd5 14. Bxe5 Qc6
15. Qxa7 Bc5 16. Bxd5 Qxd5 17. Qa8+ Kd7 18. Qa4+ Ke7 19. Bc3 Qxg2 20. Qh4+ g5
21. Qg3 Qxh1+ 22. Ng1 Rhe8 23. Kf1 Kf8 24. Qxg5 Bh3+ {White resigns} 0-1

[Event "Team 45 45 League T36"]
[Site "Internet Chess Club"]
[Date "2008.02.23"]
[Round "5"]
[White "Egmont"]
[Black "Fysh"]
[Result "0-1"]
[WhiteElo "1763"]
[BlackElo "1877"]
[Opening "French: Tarrasch, open, 4.ed ed"]
[ECO "C08"]
[Time "06:02:48"]
[TimeControl "2700+45"]

1. e4 e6 2. d4 d5 3. Nd2 c5 4. exd5 exd5 5. Ngf3 Bd6 6. Be2 cxd4 7. Nb3 Nc6 8.
Nbxd4 Nge7 9. O-O Bg4 10. Nxc6 bxc6 11. Nd4 Bxe2 12. Qxe2 O-O 13. Bg5 Re8 14.
Qg4 Qb6 15. Bxe7 Bxe7 16. Nf5 Qxb2 17. Rab1 Qf6 18. Rb7 Bc5 19. Rb3 Re4 20. Qh3
Rae8 21. Ne3 Ra4 22. Qd7 Qe6 23. Qc7 Bb6 24. Qg3 Rxa2 25. Ng4 Rxc2 {White
resigns} 0-1

[Event "Team 45 45 League T36"]
[Site "Internet Chess Club"]
[Date "2008.02.24"]
[Round "5"]
[White "Qualm"]
[Black "NFK"]
[Result "1/2-1/2"]
[WhiteElo "1690"]
[BlackElo "1648"]
[Opening "Sicilian: accelerated fianchetto, Maróczy bind, 5...Bg7"]
[ECO "B37"]
[Time "02:04:51"]
[TimeControl "2700+45"]

1. e4 c5 2. Nf3 Nc6 3. d4 cxd4 4. Nxd4 g6 5. c4 Bg7 6. Nc2 d6 7. Be2 Nf6 8. Nc3
Bd7 9. Bd2 O-O 10. O-O Rc8 11. Rc1 Ne5 12. b3 Bc6 13. f3 a6 14. Nd4 Bd7 15. Qe1
Nc6 16. Nc2 e6 17. Qg3 Ne8 18. Rfd1 Nd4 19. Nxd4 Bxd4+ 20. Kf1 Bc6 21. Be1 e5
22. Bf2 Bxf2 23. Kxf2 f5 24. exf5 Rxf5 25. Bd3 Rg5 26. Qh3 Rh5 27. Qe6+ Kg7 28.
h3 Bd7 29. Qd5 Bc6 30. Qe6 Bd7 31. Qd5 Bc6 {Game drawn by mutual agreement}
1/2-1/2

[Event "Team 45 45 League T36"]
[Site "Internet Chess Club"]
[Date "2008.02.22"]
[Round "5"]
[White "BrerRabbit"]
[Black "Invicta-Knight"]
[Result "1-0"]
[WhiteElo "1561"]
[BlackElo "1500"]
[Opening "Benkö gambit"]
[ECO "A57"]
[Time "11:03:33"]
[TimeControl "2700+45"]

1. d4 Nf6 2. c4 c5 3. d5 b5 4. Nf3 g6 5. cxb5 a6 6. b6 Qxb6 7. Nc3 Bg7 8. e4 d6
9. Be2 Nbd7 10. O-O Ne5 11. Nxe5 dxe5 12. Qc2 O-O 13. Na4 Qc7 14. Qxc5 Qxc5 15.
Nxc5 a5 16. f3 Nd7 17. Be3 Rb8 18. b3 Nxc5 19. Bxc5 Re8 20. Rfc1 e6 21. Rd1 exd5
22. Rxd5 Be6 23. Rdd1 Rbc8 24. Bb6 Ra8 25. Rac1 a4 26. bxa4 Bxa2 27. Bb5 Reb8
28. a5 Bf8 29. Bc4 Bxc4 30. Rxc4 Rb7 31. Kf1 Kg7 32. Rc7 Rxc7 33. Bxc7 Bb4 34.
Rd5 f6 35. Rd7+ Kh6 36. Rd5 Ra7 37. Bd8 Kg7 38. Bb6 Rb7 39. Ke2 Kf7 40. Kd3 Ke6
41. Kc4 Bd6 42. Kb5 f5 43. Kc6 {Black resigns} 1-0

[Event "Team 45 45 League T36"]
[Site "Internet Chess Club"]
[Date "2008.02.24"]
[Round "5"]
[White "RedAttack"]
[Black "Boromir"]
[Result "1/2-1/2"]
[WhiteElo "2023"]
[BlackElo "1995"]
[Opening "Réti opening"]
[ECO "A05"]
[Time "10:06:19"]
[TimeControl "2700+45"]

1. Nf3 Nf6 2. g3 d5 3. d4 c6 4. Bg2 Bg4 5. O-O Nbd7 6. Nbd2 e6 7. Re1 Be7 8. e4
dxe4 9. Nxe4 O-O 10. c3 Qb6 11. h3 Bh5 12. g4 Bg6 13. Nxf6+ Bxf6 14. h4 h5 15.
Ng5 hxg4 16. Qxg4 Bf5 17. Qg3 Rad8 18. h5 c5 19. dxc5 Nxc5 20. Be3 Qb5 21. h6
Nd3 22. hxg7 Bxg7 23. Red1 Qe5 24. Qh4 Qf6 25. Rd2 b6 26. f4 Rd7 27. Rad1 Rfd8
28. Bd4 Qg6 29. Bxg7 Kxg7 30. Qg3 Nc5 31. Rxd7 Rxd7 32. Rxd7 Nxd7 33. Qe3 Nc5
34. b4 Nd3 35. Kh2 Qh5+ 36. Nh3 Qg4 37. a4 Qh4 38. Kg1 Qf6 39. Qd2 Bg6 40. a5
bxa5 41. bxa5 Qf5 42. Bf1 Qc5+ 43. Kh2 Qd5 44. Bxd3 Qxd3 45. Qxd3 Bxd3 46. Kg3
Kf6 47. Kf3 Ke7 48. Ke3 Bf5 49. Ng5 f6 50. Nf3 Kd7 51. Kd4 Kd6 52. c4 Bg4 53.
c5+ Kc6 54. Nd2 e5+ 55. fxe5 fxe5+ 56. Kxe5 {Game drawn by mutual agreement}
1/2-1/2

[Event "Team 45 45 League T36"]
[Site "Internet Chess Club"]
[Date "2008.02.24"]
[Round "5"]
[White "ivanson"]
[Black "andrew28"]
[Result "1-0"]
[WhiteElo "1844"]
[BlackElo "1791"]
[Opening "Sicilian: Alapin's variation (2.c3)"]
[ECO "B22"]
[Time "16:24:27"]
[TimeControl "2700+45"]

1. e4 c5 2. c3 d5 3. exd5 Qxd5 4. d4 Nc6 5. Nf3 Bg4 6. dxc5 Qxc5 7. Na3 a6 8.
Be3 Qh5 9. Be2 Nf6 10. Qb3 Na5 11. Qa4+ Bd7 12. Qc2 Bg4 13. h3 e6 14. Qa4+ Nc6
15. O-O Bd6 16. Nc4 Bc7 17. Bb6 Bb8 18. Ne3 Bxf3 19. Bxf3 Qb5 20. Qxb5 axb5 21.
Be2 O-O 22. Bxb5 Na7 23. Be2 Nd7 24. Bxa7 Bxa7 25. Rfd1 Ne5 26. a4 Rac8 27. Ng4
Ng6 28. Rd7 f5 29. Ne3 Nf4 30. Bb5 Rf7 31. Rad1 Bxe3 32. fxe3 Nd5 33. Kf2 g5 34.
Rd6 f4 35. e4 Nc7 36. Bd7 Ra8 37. b3 Re7 38. Rb6 Rb8 39. Rdd6 Kf7 40. Kf3 Kf6
41. c4 Ke5 42. c5 Rd8 43. Bb5 Rb8 44. Bc4 h5 45. Rd1 Na8 46. Rbd6 Nc7 47. Rd7
g4+ 48. hxg4 hxg4+ 49. Kxg4 Rg8+ 50. Kf3 Rg3+ 51. Kf2 Rxd7 52. Rxd7 Ne8 53. Re7
Rg8 54. Rxe6+ Kd4 55. Re7 Rf8 56. Rf7 Rxf7 57. Bxf7 Nf6 58. Bd5 Kxc5 59. Bxb7
Kd4 60. a5 Kc5 61. Kf3 Ne8 62. a6 Kb6 63. Kxf4 Nd6 64. g4 Nb5 65. g5 Nd4 66. g6
Ne6+ 67. Ke5 Ng7 68. Kf6 Ne8+ 69. Ke7 Ng7 70. Kf7 Nh5 71. g7 Nxg7 72. Kxg7 Kc7
73. Kf7 Kb8 74. e5 Kc7 75. e6 Kb6 76. e7 Ka5 77. e8=Q Kb6 78. Qc6+ Ka7 79. Bc8
{Black resigns} 1-0

[Event "Team 45 45 League T36"]
[Site "Internet Chess Club"]
[Date "2008.02.21"]
[Round "5"]
[White "Juan73"]
[Black "PJ"]
[Result "0-1"]
[WhiteElo "1607"]
[BlackElo "1741"]
[Opening "Two knights defense"]
[ECO "C56"]
[Time "14:36:46"]
[TimeControl "2700+45"]

1. e4 e5 2. Nf3 Nc6 3. Bc4 Nf6 4. d4 exd4 5. O-O Nxe4 6. Re1 d5 7. Bxd5 Qxd5 8.
Nc3 Qa5 9. Nxe4 Be6 10. Bg5 h6 11. Bd2 Bb4 12. c3 dxc3 13. bxc3 Be7 14. c4 Bb4
15. Bxb4 Qxb4 16. Rb1 Qxc4 17. Rxb7 Rc8 18. Rxc7 O-O 19. Rxc8 Bxc8 20. Qb1 Nd4
21. Nxd4 Qxd4 22. Rd1 Qe5 23. Ng3 Be6 24. a3 Rb8 25. Qc2 Bb3 26. Qb1 Bxd1 27.
Qxd1 Qb2 28. Qd6 Qb1+ 29. Nf1 Rc8 30. Qe7 Rc1 31. Qe2 Re1 32. Qc4 a5 33. h4 Qe4
34. Qc8+ Kh7 35. Qc3 Qe2 36. Qxa5 Rxf1+ 37. Kh2 Qxf2 38. Qh5 Qf4+ 39. g3 Qf2+
40. Kh3 Qf5+ 41. Qxf5+ Rxf5 42. Kg4 Ra5 43. Kh3 h5 44. Kh2 f5 45. Kh3 Rxa3 46.
Kg2 Kh6 47. Kh3 g5 48. Kg2 f4 49. Kh3 Rxg3+ 50. Kh2 gxh4 51. Kh1 Kg5 52. Kh2 Kg4
53. Kh1 Ra3 54. Kh2 Ra2+ 55. Kg1 Kg3 56. Kf1 h3 {White resigns} 0-1

[Event "Team 45 45 League T36"]
[Site "Internet Chess Club"]
[Date "2008.02.25"]
[Round "5"]
[White "AlterEgo"]
[Black "jjmolina"]
[Result "1/2-1/2"]
[WhiteElo "1597"]
[BlackElo "1538"]
[Opening "Caro-Kann: classical, 6.h4"]
[ECO "B18"]
[Time "14:18:54"]
[TimeControl "2700+45"]

1. e4 c6 2. d4 d5 3. Nc3 dxe4 4. Nxe4 Bf5 5. Ng3 Bg6 6. h4 h6 7. h5 Bh7 8. Nf3
Nd7 9. Bd3 Bxd3 10. Qxd3 e6 11. Bf4 Qa5+ 12. Bd2 Qc7 13. O-O-O O-O-O 14. Qb3 Bd6
15. Ne2 Ngf6 16. Bb4 Bxb4 17. Qxb4 Ne4 18. Qe1 Ndf6 19. Ne5 Nd5 20. f3 Nd6 21.
Nc3 Rhe8 22. Qg3 Nf5 23. Nxd5 exd5 24. Qf2 Kb8 {Game drawn by mutual agreement}
1/2-1/2

[Event "Team 45 45 League T36"]
[Site "Internet Chess Club"]
[Date "2008.02.25"]
[Round "5"]
[White "lele"]
[Black "alexcolins"]
[Result "0-1"]
[WhiteElo "1910"]
[BlackElo "1774"]
[Opening "Nimzo-Indian: three knights variation"]
[ECO "E21"]
[Time "15:04:38"]
[TimeControl "2700+45"]

1. d4 Nf6 2. Nf3 e6 3. c4 Bb4+ 4. Nc3 Nc6 5. Bg5 h6 6. Bh4 g5 7. Bg3 g4 8. Ne5
Nxe5 9. Bxe5 Bxc3+ 10. bxc3 d6 11. Bg3 Ne4 12. Qd3 f5 13. h3 Nxg3 14. Qxg3 Qg5
15. e3 Bd7 16. Be2 O-O-O 17. hxg4 fxg4 18. Qxg4 Qa5 19. Kd2 e5 20. Qe4 exd4 21.
Qxd4 Bc6 22. Rh5 Qa3 23. Rhh1 Qb2+ 24. Kd3 d5 25. Rhb1 dxc4+ 26. Kxc4 Rxd4+ 27.
cxd4 Qxe2+ {White resigns} 0-1

[Event "Team 45 45 League T36"]
[Site "Internet Chess Club"]
[Date "2008.03.01"]
[Round "5"]
[White "elnik"]
[Black "FiendAngelical"]
[Result "1-0"]
[WhiteElo "1903"]
[BlackElo "1876"]
[Opening "King's Indian: orthodox, Aronin-Taimanov, bayonet attack"]
[ECO "E97"]
[Time "18:06:17"]
[TimeControl "2700+45"]

1. d4 Nf6 2. c4 g6 3. Nc3 Bg7 4. e4 d6 5. Nf3 O-O 6. Be2 e5 7. O-O Nc6 8. d5 Ne7
9. b4 Nh5 10. Re1 f5 11. Ng5 Nf6 12. f3 Kh8 13. c5 Nh5 14. Ne6 Bxe6 15. dxe6 f4
16. Bc4 Nc6 17. cxd6 cxd6 18. Nd5 Bf6 19. Bb2 Nxb4 20. Ba3 Nxd5 21. Qxd5 Be7 22.
Rab1 b6 23. Red1 Nf6 24. Qb5 a6 25. Qxb6 Qxb6+ 26. Rxb6 Rfd8 27. Bxd6 Ne8 28.
Bxe5+ Kg8 29. Rxd8 Rxd8 30. Rc6 {Black resigns} 1-0

[Event "Team 45 45 League T36"]
[Site "Internet Chess Club"]
[Date "2008.02.23"]
[Round "5"]
[White "ExpertLevel"]
[Black "deathmage"]
[Result "1/2-1/2"]
[WhiteElo "1776"]
[BlackElo "1706"]
[Opening "French: King's Indian attack"]
[ECO "C00"]
[Time "11:03:08"]
[TimeControl "2700+45"]

1. e4 e6 2. d3 d5 3. Nd2 Nc6 4. Ngf3 Nf6 5. g3 Bc5 6. Bg2 dxe4 7. dxe4 e5 8. O-O
Bd7 9. c3 Qe7 10. b4 Bd6 11. Qe2 O-O 12. a4 Rac8 13. Nc4 Rfd8 14. h3 a6 15. Nh4
Nb8 16. Ne3 g6 17. Nd5 Nxd5 18. exd5 b5 19. a5 c6 20. dxc6 Bxc6 21. Bd2 Bxg2 22.
Nxg2 Qd7 23. Kh2 f5 24. Rfd1 Qe7 25. Rac1 e4 26. h4 Nd7 27. Bg5 Nf6 28. Ne3 Qf7
29. Bh6 Rc6 30. Kg2 Rdc8 31. Qd2 Be5 32. Nd5 Nxd5 33. Qxd5 Qxd5 34. Rxd5 Bxc3
35. Rd7 Bf6 36. Rcd1 Re8 37. R1d6 Rec8 38. Kh3 {Game drawn by mutual agreement}
1/2-1/2

[Event "Team 45 45 League T36"]
[Site "Internet Chess Club"]
[Date "2008.02.21"]
[Round "5"]
[White "MrPetrov"]
[Black "Capamuerte"]
[Result "0-1"]
[WhiteElo "2162"]
[BlackElo "2238"]
[Opening "Queen's pawn: English defense"]
[ECO "A40"]
[Time "22:02:22"]
[TimeControl "2700+45"]

1. d4 b6 2. e4 Nc6 3. d5 Ne5 4. Nf3 Ng6 5. Bd3 Nf6 6. e5 Ng4 7. Qe2 Bb7 8. Nc3
e6 9. h3 Nh6 10. dxe6 fxe6 11. h4 Nf7 12. h5 Bxf3 13. gxf3 Ngxe5 14. Bf4 Nc6 15.
O-O-O Be7 16. Rhg1 Bf6 17. Be4 Qe7 18. h6 Bxc3 19. bxc3 g6 20. Rxd7 Qa3+ 21. Kb1
Kxd7 22. Rd1+ Nd6 23. Bc1 Qa5 24. c4 Qb4+ 25. Ka1 a5 26. c3 Qc5 27. Be3 Qe5 28.
c5 Qxc3+ 29. Kb1 Qb4+ 30. Ka1 bxc5 31. Qc2 Ra6 32. Bxc5 Qb5 33. Bd3 Qb7 34. Qc3
Raa8 35. Qg7+ Ne7 36. Be4 Qb5 37. Rc1 Rab8 38. Bxd6 Kxd6 39. Rd1+ Nd5 40. Bxd5
exd5 41. Qf6+ Kd7 42. Qf7+ Kc6 43. Qe6+ Kb7 44. Rb1 Qxb1+ 45. Kxb1 Rbd8 46. Qf7
Kb6 47. Kc2 c6 48. Qg7 d4 49. Kd3 Rhf8 50. Qe7 Rxf3+ 51. Kc4 Rc3# {White
checkmated} 0-1

[Event "Team 45 45 League T36"]
[Site "Internet Chess Club"]
[Date "2008.02.25"]
[Round "5"]
[White "frank001"]
[Black "Sleete"]
[Result "1-0"]
[WhiteElo "1821"]
[BlackElo "2061"]
[Opening "KGA: Fischer defense"]
[ECO "C34"]
[Time "16:08:29"]
[TimeControl "2700+45"]

1. e4 e5 2. f4 exf4 3. Nf3 d6 4. Bc4 h6 5. d3 g5 6. g3 Nc6 7. gxf4 g4 8. Ng1
Qh4+ 9. Kf1 f5 10. Nc3 Nf6 11. Kg2 fxe4 12. dxe4 Bd7 13. h3 Nh5 14. hxg4 Qg3+
15. Kf1 Nxf4 16. Qf3 Qxf3+ 17. Nxf3 Ng6 18. g5 Bg4 19. Be2 O-O-O 20. gxh6 Be7
21. Be3 Rdf8 22. Kg2 Rhg8 23. h7 Bxf3+ 24. Bxf3 Nh4+ 25. Kf2 Bf6 26. hxg8=Q Rxg8
27. Rag1 Rxg1 28. Rxg1 Nxf3 29. Kxf3 Nb4 30. Rg2 Bxc3 31. bxc3 Nxa2 32. Bd4 b5
33. Rg1 b4 34. c4 c5 35. Bg7 Nc3 36. Bxc3 bxc3 37. Ra1 Kb7 38. Ke3 Kb6 39. Kd3
Kb7 40. Kxc3 Kb6 41. Rb1+ Kc6 42. Rh1 Kd7 43. Rh7+ Ke6 44. Rxa7 Ke5 45. Kd3 Kf6
46. Ra1 Ke6 47. Rf1 Ke7 48. Rf5 Kd7 49. Rd5 Ke6 50. Kc3 Ke7 51. Kb3 Ke6 52. Ka4
Kf6 53. Rxd6+ Ke5 54. Rd5+ Kxe4 55. Kb5 Kf4 56. Kxc5 Ke4 57. Kd6 Kf4 58. c5 Ke3
59. c6 Kf4 60. c7 Kf3 61. c8=Q Kg3 62. Qe6 Kh4 63. Rf5 Kg3 64. Qg6+ Kh4 65. Rh5#
{Black checkmated} 1-0

[Event "Team 45 45 League T36"]
[Site "Internet Chess Club"]
[Date "2008.02.21"]
[Round "5"]
[White "Neo-Myshkin"]
[Black "andrew28"]
[Result "1-0"]
[WhiteElo "1962"]
[BlackElo "1806"]
[Opening "Pirc: Austrian attack, dragon formation"]
[ECO "B09"]
[Time "14:38:30"]
[TimeControl "2700+45"]

1. e4 d6 2. d4 Nf6 3. Nc3 g6 4. f4 Bg7 5. Nf3 c5 6. Bb5+ Bd7 7. Bxd7+ Nfxd7 8.
Be3 Qa5 9. O-O O-O 10. Nd5 Nc6 11. a3 e6 12. b4 Qd8 13. b5 Na5 14. Nc3 Nc4 15.
Bf2 Rc8 16. Ne2 cxd4 17. Bxd4 e5 18. fxe5 Ndxe5 19. Nxe5 Nxe5 20. Ra2 Qg5 21.
Nf4 Rc4 22. c3 h5 23. Nd5 Ng4 24. Qd3 Rfc8 25. Qf3 Bxd4+ 26. cxd4 Rf8 27. h3 Nh6
28. Qd3 Rfc8 29. Raf2 Rc1 30. b6 axb6 31. Nxb6 R8c3 32. Qd2 Rxf1+ 33. Kxf1 Rc1+
34. Ke2 Qb5+ 35. Kf3 Qb3+ 36. Kf4 g5+ 37. Kxg5 Qg3+ 38. Kxh5 Qg6+ 39. Kh4 Qxe4+
40. Kg3 Qg6+ 41. Kh2 Rc6 42. Nd5 Kg7 43. Ne7 Qe6 44. Qg5+ Kf8 45. Nxc6 bxc6 46.
Rf6 Ng4+ 47. hxg4 Qe1 48. Rxd6 f6 49. Qxf6+ Kg8 50. Rd8+ Kh7 51. Rh8# {Black
checkmated} 1-0

[Event "Team 45 45 League T36"]
[Site "Internet Chess Club"]
[Date "2008.02.24"]
[Round "5"]
[White "Shereshevsky"]
[Black "Razorbackchess"]
[Result "0-1"]
[WhiteElo "1474"]
[BlackElo "1742"]
[Opening "King's Indian: Sämisch, 6...Nc6"]
[ECO "E83"]
[Time "18:04:42"]
[TimeControl "2700+45"]

1. d4 Nf6 2. c4 g6 3. Nc3 Bg7 4. e4 d6 5. f3 O-O 6. Be3 Nc6 7. Qd2 a6 8. O-O-O
Rb8 9. Bh6 e5 10. Bxg7 Kxg7 11. d5 Nd4 12. Nge2 Nxe2+ 13. Bxe2 Bd7 14. g4 b5 15.
h4 b4 16. Nb1 h5 17. gxh5 Nxh5 18. Rdg1 Rh8 19. Rg5 Nf4 20. Bf1 Rxh4 21. Rxh4
Qxg5 22. Rh1 a5 23. Kd1 Rh8 24. Rxh8 Kxh8 25. Qf2 Qh5 26. Nd2 Bh3 27. Bxh3 Qxh3
28. Qa7 Qh1+ 29. Kc2 Ne2 30. Nb3 Qxf3 31. Qxa5 Qxe4+ 32. Kd1 Qxc4 33. Nd2 Qg4
34. Kc2 Nd4+ 35. Kd3 Qe2# {White checkmated} 0-1

[Event "Team 45 45 League T36"]
[Site "Internet Chess Club"]
[Date "2008.02.22"]
[Round "5"]
[White "WesleyCrusher"]
[Black "zenith"]
[Result "1-0"]
[WhiteElo "2154"]
[BlackElo "2259"]
[Opening "Sicilian: Labourdonnais-Löwenthal (Kalashnikov) variation"]
[ECO "B32"]
[Time "14:59:48"]
[TimeControl "2700+45"]

1. e4 c5 2. Nf3 Nc6 3. d4 cxd4 4. Nxd4 e5 5. Nb5 d6 6. N1c3 a6 7. Na3 b5 8. Nd5
Nce7 9. c4 Nxd5 10. cxd5 f5 11. Bd3 fxe4 12. Bxe4 Nf6 13. Bg5 Be7 14. Bxf6 Qa5+
15. Kf1 Bxf6 16. Qh5+ Ke7 17. Nc2 Bd7 18. g3 Rac8 19. Kg2 Rc4 20. Qe2 g6 21. Bd3
Rc7 22. Ne3 Rhc8 23. h4 Be8 24. h5 Bf7 25. hxg6 hxg6 26. Qg4 b4 27. Rh7 Rh8 28.
Qe6+ Kf8 29. Rxh8+ Kg7 30. Qxd6 Be7 31. Qxe5+ Bf6 32. Rh7+ Kg8 33. Qxf6 Bxd5+
34. Nxd5 Qxd5+ 35. Qf3 Qxf3+ 36. Kxf3 Kxh7 37. Re1 Rf7+ 38. Kg2 a5 39. Re6
{Black resigns} 1-0

[Event "Team 45 45 League T36"]
[Site "Internet Chess Club"]
[Date "2008.02.23"]
[Round "5"]
[White "playwaycool05"]
[Black "zamolxis"]
[Result "0-1"]
[WhiteElo "2204"]
[BlackElo "2105"]
[Opening "QGD Slav: exchange variation, 6.Bf4 Bf5"]
[ECO "D14"]
[Time "23:01:35"]
[TimeControl "2700+45"]

1. d4 d5 2. c4 c6 3. cxd5 cxd5 4. Nf3 Nc6 5. Nc3 Nf6 6. Bf4 Bf5 7. e3 e6 8. Bb5
Bd6 9. Qa4 O-O 10. Bxd6 Qxd6 11. O-O h6 12. Rac1 Rfc8 13. Bxc6 bxc6 14. Ne5 c5
15. Nb5 Qb8 16. Qa6 Qb6 17. Qxb6 axb6 18. a3 Ne4 19. f3 Nd2 20. Rfd1 Nb3 21. Rc3
cxd4 22. Nxd4 Rxc3 23. bxc3 Nxd4 24. exd4 Rxa3 25. c4 f6 {White resigns} 0-1

[Event "Team 45 45 League T36"]
[Site "Internet Chess Club"]
[Date "2008.02.24"]
[Round "5"]
[White "Monsoon-Smith"]
[Black "Scotty2Cues"]
[Result "0-1"]
[WhiteElo "1979"]
[BlackElo "2072"]
[Opening "Robatsch defense"]
[ECO "B06"]
[Time "11:06:47"]
[TimeControl "2700+45"]

1. e4 g6 2. d4 Bg7 3. Nc3 c6 4. f4 d6 5. Nf3 b5 6. Bd3 Bg4 7. Be3 Qb6 8. Qd2
Bxf3 9. gxf3 Bxd4 10. Bxd4 Qxd4 11. O-O-O Nd7 12. Qe1 Qb6 13. e5 d5 14. f5 Nc5
15. Bxb5 cxb5 16. Nxd5 Qc6 17. f6 Rd8 18. Nb4 Rxd1+ 19. Qxd1 Qd7 20. Qe2 exf6
21. exf6+ Ne6 22. Rd1 Qb7 23. Qe5 Nh6 24. Nc6 O-O 25. Ne7+ Kh8 26. Qe3 Ng8 27.
Nd5 Rd8 28. Qe5 Qb8 29. Qe3 Qd6 30. Qxa7 Nxf6 31. Nc3 Qf4+ 32. Kb1 Rxd1+ 33.
Nxd1 Qxf3 34. Qg1 Ne4 35. a3 Nd2+ 36. Ka1 Nc4 37. Nc3 Nxa3 38. Qa7 Nxc2+ 39. Ka2
Kg7 40. Qd7 b4 41. Nd1 b3+ 42. Kb1 Ned4 43. Kc1 Qd3 {White resigns} 0-1

[Event "Team 45 45 League T36"]
[Site "Internet Chess Club"]
[Date "2008.02.26"]
[Round "5"]
[White "Stoneheart"]
[Black "Holzschlange"]
[Result "1/2-1/2"]
[WhiteElo "1964"]
[BlackElo "1896"]
[Opening "Ruy Lopez: exchange, Gligoric variation"]
[ECO "C69"]
[Time "18:44:36"]
[TimeControl "2700+45"]

1. e4 e5 2. Nf3 Nc6 3. Bb5 a6 4. Bxc6 dxc6 5. O-O f6 6. d4 Bg4 7. dxe5 Qxd1 8.
Rxd1 fxe5 9. h3 Bxf3 10. gxf3 Bd6 11. Bg5 Ne7 12. Nd2 h6 13. Be3 g5 14. Nc4 Rd8
15. Rd3 Ng6 16. Rad1 Ke7 17. Kh2 Rhf8 18. Kg3 Nf4 19. Bxf4 Rxf4 20. Na5 Rb8 21.
Nc4 Rd8 22. Ne3 Rdf8 23. Nf5+ R4xf5 24. exf5 e4+ 25. Rxd6 cxd6 26. fxe4 d5 27.
f3 Kf6 28. c4 dxe4 29. fxe4 Ke5 30. Kf3 Rf7 31. c5 Re7 32. Ke3 h5 33. Rd6 g4 34.
hxg4 hxg4 35. Rg6 Re8 36. Rxg4 Rh8 37. Rg3 Rh4 38. f6 Rxe4+ 39. Kd3 Rf4 40. Rg7
Rxf6 41. Rxb7 Kd5 42. b4 Rf3+ 43. Ke2 Ra3 {Game drawn by mutual agreement}
1/2-1/2